 Dungeon Crawl Stone Soup version 0.17-a0-72-gd614ac0 (webtiles) character file.

103049 Kaesh the Grappler (level 15, -3/154 HPs)
             Began as a Troll Monk on Mar 10, 2015.
             Was the Champion of Qazlal.
             Slain by a naga warrior
             ... wielding a +0 club
              (28 damage)
             ... on level 2 of the Snake Pit on Mar 13, 2015.
             The game lasted 02:19:50 (26079 turns).

Kaesh the Grappler (Troll Monk)                    Turns: 26079, Time: 02:19:51

Health: -3/154     AC: 10    Str: 23    XL:     15   Next: 87%
Magic:  6/6        EV: 17    Int:  6    God:    Qazlal [******]
Gold:   2282       SH: 22    Dex: 17    Spells: 0 memorised, 14 levels left

rFire  + + .     SeeInvis .       - Unarmed
rCold  + + .     Clarity  .     L - +0 robe {rC+}
rNeg   + . .     SustAb   .     V - +2 shield {rC+ rF+}
rPois  +         Gourm    +     r - +1 hat {MR+}
rElec  .         Spirit   .     S - +2 cloak (curse)
rCorr  .         Warding  +     (gloves unavailable)
rMut   .         Stasis   .     (boots unavailable)
MR     ++...                    B - amulet of warding
Stlth  +.........               x - ring of poison resistance
                                y - ring of protection from fire (curse)

@: lethally poisoned (-3 -> -3), very slightly contaminated, hasted, repel
missiles, very quick, very resistant to hostile enchantments, very unstealthy
A: unfitting armour, claws 3, fast metabolism 3, gourmand, regeneration 2,
shaggy fur 1, tough skin 2
a: Upheaval, Elemental Force, Disaster Area, Renounce Religion


You were on level 2 of the Snake Pit.
You worshipped Qazlal.
Qazlal was exalted by your worship.
You were very full.

You visited 4 branches of the dungeon, and saw 27 of its levels.

You collected 2542 gold pieces.
You spent 260 gold pieces at shops.

Inventory:

Armour
 m - a +0 troll leather armour
 q - a +2 robe of magic resistance
 r - a +1 hat of magic resistance (worn)
 L - a +0 robe of cold resistance (worn)
 S - a cursed +2 cloak (worn)
 V - a +2 shield of resistance (worn)
Jewellery
 a - a +3 ring of intelligence
 d - an uncursed ring of flight
 g - an uncursed amulet of rage
 i - a +1 ring of slaying
 o - a +3 ring of protection
 x - a ring of poison resistance (right claw)
 y - a cursed ring of protection from fire (left claw)
 B - an amulet of warding (around neck)
 E - an uncursed amulet of faith
 G - an uncursed ring of sustain abilities
Magical devices
 n - a wand of slowing (0)
 t - a wand of fireball (0)
 H - a wand of hasting (1)
 N - a wand of fire (0)
 U - a wand of fireball (0)
Scrolls
 f - 3 scrolls of teleportation
 k - 2 scrolls of enchant armour
 p - 18 scrolls of identify
 s - 7 scrolls of remove curse
 v - 3 scrolls of enchant weapon
 A - 3 scrolls of fear
 M - 3 scrolls of amnesia
 Q - 4 scrolls of recharging
 R - 2 scrolls of magic mapping
 W - 2 scrolls of fog
Potions
 c - 4 potions of haste
 e - a potion of heal wounds
 h - 2 potions of restore abilities
 j - 2 potions of flight
 w - 2 potions of agility
 C - 5 potions of magic
 D - 8 potions of curing
 F - 3 potions of invisibility
 I - 2 potions of cure mutation
 K - 2 potions of brilliance
Books
 J - a book of Frost

   Spells                             Type                      Level
   a - Freeze                         Ice                          1
   b - Throw Frost                    Conjuration/Ice              2
   c - Ozocubu's Armour               Charms/Ice                   3
   d - Throw Icicle                   Conjuration/Ice              4
   e - Summon Ice Beast               Ice/Summoning                4
   f - Condensation Shield            Ice                          4
 P - a book of Summonings

   Spells                             Type                      Level
   a - Abjuration                     Summoning                    3
   b - Recall                         Summoning/Translocation      3
   c - Shadow Creatures               Summoning                    5
   d - Summon Demon                   Summoning                    5
   e - Summon Forest                  Summoning/Translocation      5
   f - Monstrous Menagerie            Summoning                    6
 X - a book of Maledictions

   Spells                             Type                      Level
   a - Corona                         Hexes                        1
   b - Sure Blade                     Hexes/Charms                 2
   c - Ensorcelled Hibernation        Hexes/Ice                    2
   d - Confuse                        Hexes                        3
   e - Dazzling Spray                 Conjuration/Hexes            3
   f - Enslavement                    Hexes                        4
Comestibles
 b - 18 meat rations
 l - 20 fruits
 u - 3 bread rations
 z - 7 beef jerkies
 O - 7 royal jellies
 T - a poisonous chunk of flesh


   Skills:
 + Level 11.3 Fighting
 + Level 11.0 Armour
 + Level 11.1 Dodging
 - Level 1.1 Stealth
 + Level 11.0 Shields
 + Level 13.6 Unarmed Combat


You had 14 spell levels left.
You didn't know any spells.

Dungeon Overview and Level Annotations

Branches:
Dungeon (15/15)            Temple (0/1) D:7            Lair (6/8) D:9
 Shoals (0/5) Lair:6        Snake (2/5) Lair:6          Orc (4/4) D:9
    Elf (0/3) Orc:3        Vaults (0/5) D:14         Depths (0/5) D:15
  Slime: Lair:6-8

Altars:
Cheibriados
Dithmenos
Elyvilon
Fedhas
Makhleb
Nemelex Xobeh
Okawaru
Qazlal
Ru
Sif Muna
Xom
The Shining One
Beogh
Jiyva

Shops:
D:5 =   D:14 [   Orc:2 (   Orc:4 %%**

Annotations:
Lair:2 exclusion: 2 oklob plants


Innate Abilities, Weirdness & Mutations

You are too large for most types of armour.
You have claws for hands.
Your metabolism is lightning-fast.
You like to eat raw meat.
You heal very quickly.
You are covered in fur (AC +1).
You have very tough skin (AC +2).


Message History

You block the black mamba's attack.
You scratch the naga warrior but do no damage.
The naga warrior is severely wounded.
You feel sick.
You hear an angry hiss.
You block the black mamba's attack. The naga warrior spits poison at you.
The splash of poison is repelled.
The splash of poison misses the black mamba.
The black mamba misses you.
Drink which item? (? for menu, Esc to quit)
You feel yourself speed up. You block the black mamba's attack.
The naga warrior hits you with a club!!
* * * LOW HITPOINT WARNING * * *
You block the naga warrior's attack.
You are very lightly contaminated with residual magic.
You scratch the naga warrior but do no damage.
The naga warrior is severely wounded.
You block the black mamba's attack. The naga warrior hits you with a club!!
You die...

# .# . # .##.# #.
....# .##.. ##....##N
......§######........
.......S@NNNN......?.
....#.######N........#
#...§†.........
.......#<..?..)..
##...............
.....##......... ###.
#........# #
.......... ###.......


You could see 2 naga warriors, 2 naga sharpshooters, a black mamba and a naga.

Vanquished Creatures
  Rupert (Lair:3)
  2 orc warlords
  Louise (D:15)
  Gastronok (Orc:3)
  A very ugly thing (D:15)
  A dire elephant (D:15)
  An ettin (Orc:4)
  Snorg (D:14)
  5 ogre magi
  Fannar (Orc:3)
  Harold (D:12)
  A naga warrior (Snake:1)
  A great orb of eyes (D:15)
  Erica (Lair:3)
  6 hydras
  2 dancing weapons (D:14)
  5 anacondas
  5 centaur warriors
  4 tengu warriors
  An orc high priest (Orc:3)
  A wizard (D:14)
  2 unseen horrors
  2 naga ritualists (Snake:1)
  9 hill giants
  2 deep trolls (Orc:4)
  A wolf spider zombie (D:12)
  6 ugly things
  3 orc knights
  5 griffons
  3 salamanders
  2 manticores
  2 mana vipers
  3 elephants (Lair:3)
  3 cyclopes
  Joseph (Orc:3)
  9 black mambas
  6 spiny frogs
  5 komodo dragons
  Psyche (D:8)
  A gargoyle (D:13)
  4 naga magi (Snake:1)
  A spiny frog (shapeshifter) (D:15)
  A kobold demonologist (D:13)
  A freezing wraith (D:14)
  3 efreet
  A deep elf priest (D:15)
  4 tengu conjurers
  13 trolls
  12 two-headed ogres
  14 ravens
  A trapdoor spider zombie (D:13)
  A queen bee (D:8)
  A basilisk (Lair:6)
  5 blink frogs (Lair:4)
  A vampire (D:15)
  A trapdoor spider (D:12)
  45 yaks
  A tarantella (shapeshifter) (D:13)
  A wraith (D:15)
  2 deep elf fighters (D:15)
  A wyvern (D:9)
  Eustachio (D:10)
  4 deep elf magi
  A shadow (D:12)
  5 wolves (Lair:3)
  8 hippogriffs
  A hungry ghost (D:12)
  A steam dragon (Lair:6)
  Edmund (D:8)
  2 mottled dragons
  5 wargs
  A soldier ant (D:13)
  15 water moccasins
  5 vampire mosquitoes
  6 nagas
  6 ice beasts
  8 porcupines
  A black bear (D:6)
  6 necrophages
  2 eyes of draining
  24 orc warriors
  4 phantoms
  2 sky beasts
  29 ogres
  17 centaurs
  A big kobold (D:8)
  6 crocodiles
  17 giant frogs
  2 wyvern zombies
  A wyvern skeleton (D:6)
  11 scorpions
  An electric eel (D:9)
  17 killer bees (D:8)
  13 wights
  9 crimson imps
  A goliath beetle (D:8)
  9 hounds
  9 centaur zombies
  6 jellies
  5 centaur skeletons
  2 giant frog zombies
  21 orc priests
  Natasha (thrice) (D:3)
  9 worker ants
  9 iguanas
  33 orc wizards
  11 sheep
  Jessica (D:2)
  2 hound zombies
  5 mummies
  A worker ant zombie (D:10)
  8 gnolls
  18 river rats
  20 adders
  3 shadow imps
  A white imp (D:10)
  6 worms
  An adder zombie (D:5)
  2 adder skeletons
  6 giant geckos
  223 orcs
  8 bats
  2 bat skeletons
  2 bat zombies
  31 goblins
  26 hobgoblins
  16 kobolds
  A ball python (D:7)
  3 giant cockroaches
  A giant gecko zombie (D:8)
  A giant spore (D:14)
  A kobold zombie (D:5)
  14 quokkas
  2 quokka skeletons
  16 rats
  11 ballistomycetes
  42 fungi
  26 plants
1074 creatures vanquished.

Vanquished Creatures (others)
  A raven (D:13)
  2 orcs
  2 giant spores
  A quokka (D:7)
  A ballistomycete (D:13)
  A fungus (Lair:5)
8 creatures vanquished.

Grand Total: 1082 creatures vanquished

Notes
Turn   | Place    | Note
--------------------------------------------------------------
     0 | D:1      | Kaesh, the Troll Monk, began the quest for the Orb.
     0 | D:1      | Reached XP level 1. HP: 22/22 MP: 1/1
   213 | D:1      | Reached XP level 2. HP: 26/29 MP: 1/1
   392 | D:1      | Reached skill level 1 in Armour
   986 | D:2      | Reached XP level 3. HP: 36/36 MP: 2/2
   993 | D:2      | Noticed Jessica
  1017 | D:2      | Found a glowing golden altar of the Shining One.
  1037 | D:2      | Killed Jessica
  1044 | D:2      | Found a stormy altar of Qazlal.
  1046 | D:2      | Found a blossoming altar of Fedhas.
  1047 | D:2      | Found a shadowy altar of Dithmenos.
  1054 | D:2      | Became a worshipper of Qazlal Stormbringer
  1054 | D:2      | Acquired Qazlal's first power
  1054 | D:2      | Acquired Qazlal's second power
  1060 | D:2      | Found a shimmering altar of Xom.
  1065 | D:2      | Found a white marble altar of Elyvilon.
  1138 | D:2      | Reached XP level 4. HP: 25/44 MP: 2/2
  1142 | D:2      | Found a snail-covered altar of Cheibriados.
  1146 | D:2      | Found a deep blue altar of Sif Muna.
  1197 | D:2      | Reached skill level 1 in Shields
  1485 | D:3      | Found a sparkling altar of Nemelex Xobeh.
  1585 | D:3      | Reached XP level 5. HP: 34/52 MP: 2/2
  1646 | D:3      | Noticed Natasha
  1652 | D:3      | Killed Natasha
  1716 | D:3      | Noticed Natasha
  1718 | D:3      | Killed Natasha
  1805 | D:3      | Noticed Natasha
  1809 | D:3      | Killed Natasha
  2191 | D:4      | Found a sacrificial altar of Ru.
  2280 | D:4      | Reached XP level 6. HP: 61/61 MP: 3/3
  2287 | D:4      | Acquired Qazlal's third power
  2332 | D:4      | Noticed a phantom
  2358 | D:4      | Killed a phantom
  2533 | D:4      | Noticed a phantom
  2555 | D:4      | Killed a phantom
  2555 | D:4      | Reached skill level 5 in Unarmed Combat
  2857 | D:5      | Entered Level 5 of the Dungeon
  2931 | D:5      | Reached XP level 7. HP: 50/68 MP: 3/3
  3177 | D:5      | Acquired Qazlal's fourth power
  3221 | D:5      | Found Ehirukha's Jewellery Shoppe.
  3529 | D:6      | Reached XP level 8. HP: 57/78 MP: 3/3
  3768 | D:6      | Reached skill level 6 in Unarmed Combat
  3943 | D:6      | Reached skill level 5 in Fighting
  4220 | D:6      | Reached skill level 5 in Dodging
  4220 | D:6      | Reached XP level 9. HP: 57/88 MP: 4/4
  4312 | D:7      | Acquired Qazlal's fifth power
  4479 | D:7      | Found a burning altar of Makhleb.
  4697 | D:7      | Found a staircase to the Ecumenical Temple.
  4954 | D:8      | Reached skill level 7 in Unarmed Combat
  5096 | D:8      | Reached skill level 5 in Shields
  5130 | D:8      | Reached skill level 5 in Armour
  5198 | D:8      | Reached XP level 10. HP: 35/98 MP: 4/4
  5350 | D:8      | Noticed Edmund
  5357 | D:8      | Killed Edmund
  5382 | D:8      | Noticed Psyche
  5401 | D:8      | Killed Psyche
  6507 | D:9      | Noticed a hill giant
  6521 | D:9      | Killed a hill giant
  6521 | D:9      | Reached skill level 8 in Unarmed Combat
  6816 | D:9      | Found an iron altar of Okawaru.
  6948 | D:9      | Found a staircase to the Orcish Mines.
  7176 | D:9      | Found a staircase to the Lair.
  7275 | D:9      | Reached XP level 11. HP: 87/109 MP: 4/4
  7407 | D:9      | Gained mutation: Your system is resistant to poisons. [potion of mutation]
  7407 | D:9      | Gained mutation: Your flesh is cold resistant. [potion of mutation]
  7407 | D:9      | Gained mutation: You have a pair of small horns on your head. [potion of mutation]
  7952 | D:9      | Lost mutation: You have a pair of small horns on your head. [potion of cure mutation]
  7952 | D:9      | Lost mutation: Your flesh is cold resistant. [potion of cure mutation]
  7952 | D:9      | Lost mutation: Your system is resistant to poisons. [potion of cure mutation]
  7989 | Lair:1   | Entered Level 1 of the Lair of Beasts
  8647 | Lair:1   | Reached skill level 9 in Unarmed Combat
  8954 | D:5      | Bought an uncursed ring of poison resistance for 260 gold pieces
 10679 | Lair:3   | Noticed Rupert
 10692 | Lair:3   | Paralysed by Rupert for 3 turns
 10707 | Lair:3   | Killed Rupert
 10707 | Lair:3   | Reached XP level 12. HP: 70/119 MP: 5/5
 10790 | Lair:3   | Noticed Erica
 10802 | Lair:3   | Killed Erica
 11275 | Lair:4   | Noticed a seven-headed hydra
 11275 | Lair:4   | Reached skill level 10 in Unarmed Combat
 11308 | Lair:4   | Killed a seven-headed hydra
 12564 | Lair:5   | Noticed a four-headed hydra
 12879 | Lair:5   | Noticed a six-headed hydra
 12883 | Lair:5   | Killed a six-headed hydra
 13074 | Lair:5   | Killed a three-headed hydra
 13365 | Lair:6   | Identified a +2 rod of shadows (9/9) (You found it on level 3 of the Lair of Beasts)
 13414 | Lair:6   | Found a staircase to the Snake Pit.
 13471 | Lair:6   | Found a staircase to the Slime Pits.
 13471 | Lair:6   | Found a viscous altar of Jiyva.
 13865 | Lair:6   | Found a staircase to the Shoals.
 14420 | Lair:1   | Reached XP level 13. HP: 130/130 MP: 5/5
 14460 | Orc:1    | Entered Level 1 of the Orcish Mines
 15348 | Orc:2    | Found Qynlay's Weapon Shop.
 15359 | Orc:2    | Reached skill level 11 in Unarmed Combat
 15667 | Orc:2    | Noticed an orc warlord
 15693 | Orc:2    | Killed an orc warlord
 15843 | Orc:2    | Found a roughly hewn altar of Beogh.
 15871 | Orc:3    | Noticed Gastronok
 15888 | Orc:3    | Killed Gastronok
 15939 | Orc:3    | Found a staircase to the Elven Halls.
 16151 | Orc:3    | Noticed Joseph
 16163 | Orc:3    | Killed Joseph
 16176 | Orc:3    | Noticed Fannar
 16196 | Orc:3    | Killed Fannar
 16706 | Orc:4    | Entered Level 4 of the Orcish Mines
 16749 | Orc:4    | Noticed an orc warlord
 17300 | Orc:4    | Killed an orc warlord
 17710 | Orc:4    | Found Qipam's Assorted Antiques.
 17710 | Orc:4    | Found Datiboeh's Food Emporium.
 17710 | Orc:4    | Found Zusevois' Assorted Antiques.
 18361 | Orc:4    | Found Cigat's Food Shop.
 18657 | D:10     | Entered Level 10 of the Dungeon
 18699 | D:10     | Reached skill level 12 in Unarmed Combat
 18699 | D:10     | Reached XP level 14. HP: 141/141 MP: 5/5
 18991 | D:10     | Noticed Eustachio
 19003 | D:10     | Killed Eustachio
 20624 | D:12     | Reached skill level 10 in Dodging
 20643 | D:12     | Reached skill level 10 in Fighting
 20711 | D:12     | Noticed Harold
 20722 | D:12     | Killed Harold
 21306 | D:13     | Reached skill level 10 in Armour
 21876 | D:13     | Reached skill level 10 in Shields
 22075 | D:14     | Found a gate to the Vaults.
 22284 | D:14     | Found Hyeneon's Antique Armour Boutique.
 22707 | D:14     | Noticed Snorg
 22712 | D:14     | Killed Snorg
 22875 | D:15     | Entered Level 15 of the Dungeon
 22886 | D:15     | Reached XP level 15. HP: 152/152 MP: 6/6
 22997 | D:15     | Reached skill level 13 in Unarmed Combat
 23516 | D:15     | Found a staircase to the Depths.
 23788 | D:15     | Noticed Louise
 23800 | D:15     | Killed Louise
 24838 | D:15     | Upgraded the game from 0.17-a0-18-gc25b939 to 0.17-a0-72-gd614ac0
 25303 | Snake:1  | Entered Level 1 of the Snake Pit
 26079 | Snake:2  | Slain by a naga warrior

Action                   |  1- 3 |  4- 6 |  7- 9 | 10-12 | 13-15 || total
-------------------------+-------+-------+-------+-------+-------++-------
Melee: Unarmed           |    67 |   188 |   385 |   799 |  1572 ||  3011
       Scimitar          |       |       |       |     3 |       ||     3
Invok: Upheaval          |       |       |       |     2 |     2 ||     4
Evoke: Wand              |       |       |       |    20 |     3 ||    23
  Use: Scroll            |     4 |       |       |    17 |     8 ||    29
       Potion            |       |       |       |    14 |     4 ||    18
 Stab: Sleeping          |     1 |       |       |       |       ||     1
  Eat: Chunk             |    10 |    17 |    20 |    90 |   102 ||   239
       Fruit             |       |       |       |     2 |     2 ||     4
       Pizza             |       |       |       |       |     2 ||     2
